 Dungeon Crawl Stone Soup version 0.30-b1-7-gcb88a99046 (webtiles) character file.

Game seed: 15617413697627394600

33 KittyFluff the Trooper (level 3, -4/24 HPs)
             Began as a Gargoyle Berserker on May 5, 2023.
             Was a Believer of Trog.
             Slain by Sigmund
             ... wielding a +0 scythe
              (5 damage)
             ... on level 2 of the Dungeon.
             The game lasted 00:04:24 (1007 turns).

KittyFluff the Trooper (Gargoyle Berserker)         Turns: 1007, Time: 00:04:25

Health: -4/24      AC:  5    Str: 20    XL:     3   Next: 29%
Magic:  3/3        EV: 12    Int:  7    God:    Trog [**....]
Gold:   77         SH:  0    Dex: 17    Spells: 2/2 levels left

rFire   . . .        a - +0 mace
rCold   . . .        (no shield)
rNeg    + . .        b - +0 animal skin
rPois   ∞            (no helmet)
rElec   +            (no cloak)
rCorr   .            (no gloves)
SInv    .            (no boots)
Will    .....        (no amulet)
Stlth   ++           n - +6 ring of dexterity
HPRegen 0.24/turn    (no ring)
MPRegen 0.08/turn

%: no passive effects
@: mighty, attractive
A: sickness immunity, AC +3, negative energy resistance 1, electricity
resistance, torment resistance 1, petrification resistance
a: Renounce Religion, Berserk, Trog's Hand


You were on level 2 of the Dungeon.
You worshipped Trog.
Trog was pleased with you.
You visited 1 branch of the dungeon, and saw 2 of its levels.

You collected 77 gold pieces.

Inventory:

Hand Weapons
 a - a +0 mace (weapon)
Missiles
 k - 3 poisoned darts (quivered)
Armour
 b - a +0 animal skin (worn)
Jewellery
 m - an amulet of faith
 n - a +6 ring of dexterity (left hand)
Scrolls
 f - a scroll of noise {unknown}
 g - a scroll of immolation {unknown}
 h - a scroll of identify {unknown}
 i - a scroll of torment {unknown}
 j - a scroll of poison {unknown}
 l - a scroll of acquirement {unknown}
Potions
 e - a potion of heal wounds {unknown}


   Skills:
 + Level 3.7 Fighting
 + Level 3.6 Maces & Flails
 + Level 2.3 Armour
 + Level 1.9 Dodging


You had 2 spell levels left.
You didn't know any spells.
Your spell library was empty.

Dungeon Overview and Level Annotations

Branches:
Dungeon (2/15)

Altars:

Annotations:
D:2 Sigmund


Innate Abilities, Weirdness & Mutations

You are immune to sickness and miasma.
Your stone body is resilient. (AC +3)
You are immune to poison.
You resist negative energy. (rN+)
You are resistant to electric shocks. (rElec)
You are resistant to unholy torment.
You are immune to petrification.


Message History

You open the door.
There is an open door here.
Found a runed hand axe, 10 gold pieces and 4 stones.
Found a stone staircase leading down.
A goblin comes into view. It is wielding a +0 dagger.
Found a stone staircase leading up.
You see here 10 gold pieces.
Sigmund the Dreaded comes into view.
He is wielding a +0 scythe.
Sigmund shouts!
You see here 10 gold pieces.
You now have 77 gold pieces (gained 10).
The goblin shouts!
You hear a shout!
Sigmund casts a spell.
Sigmund flickers and vanishes!
Deactivating autopickup; reactivate with Ctrl-A.
You are confused.
You're too confused to move!
You bump into the rock wall.
You bump into the rock wall.
You feel less confused.
A puff of flame appears from out of thin air!
The puff of flame hits you.
You hit the goblin but do no damage. The goblin hits you with a +0 dagger.
You closely miss the goblin. Something hits you.
The goblin hits you with a +0 dagger.
You closely miss the goblin. The goblin hits you but does no damage.
Something hits you.
You barely miss the goblin. The goblin hits you but does no damage.
Something hits you but does no damage. The goblin hits you with a +0 dagger.
You closely miss the goblin. The goblin hits you but does no damage.
You miss the goblin. Something hits you!
* * * LOW HITPOINT WARNING * * *
The goblin barely misses you.
It was a potion of attraction.
You feel attractive to monsters. Something hits you but does no damage.
The goblin closely misses you.
It was a potion of might.
You feel very mighty all of a sudden. The goblin hits you but does no damage.
Something hits you.
You die...

#### ...####### ###########
.........# #).........
.........# #..........
.........##########..........
.........'......@g{.......>..
.........##########..........
#........# #..........
'†.......# #..........
#........# #..........
.........#### #..........
............# #......(...
.........^..###########+##.<#
.................. ##


You could see a goblin.

Vanquished Creatures
  4 endoplasms
  A giant cockroach (D:1)
  2 goblins (D:1)
  6 hobgoblins
  9 ball pythons (D:1)
  2 bats (D:1)
  2 frilled lizards (D:1)
  4 kobolds
  2 rats
32 creatures vanquished.

Notes
Turn   | Place    | Note
-------+----------+-------------------------------------------
     0 | D:1      | KittyFluff the Gargoyle Berserker began the quest for the
                  | Orb.
     0 | D:1      | Reached XP level 1. HP: 14/14 MP: 1/1
   146 | D:1      | Reached XP level 2. HP: 19/19 MP: 2/2
   505 | D:1      | Reached XP level 3. HP: 16/24 MP: 3/3
   649 | D:1      | Reached ** piety under Trog
   765 | D:2      | Found a faded altar of an unknown god.
   988 | D:2      | Noticed Sigmund
  1005 | D:2      | HP: 1/24 [something (8)]
  1007 | D:2      | Slain by Sigmund

Illustrated notes

Levels and vault maps discovered:
D:1:      saegor_arrival_simple_d, layout_loops_ring
D:2:      layout_basic, basic_altar, shapermc_ecumenical_altar_ellora,
          grunt_ministairs_14, uniq_sigmund

Action                     || total
---------------------------++-------
  Melee: Mace              ||   117
         Punch             ||     3
    Use: Potion            ||     2
 Armour: Animal skin       ||    32
  Dodge: Dodged            ||    96
